 Dungeon Crawl Stone Soup version 0.27-a0-941-g386ccf399c (webtiles) character file.

Game seed: 17425880455618939476

82500 EnegeticOcto the Gelid (level 14, 0/116 HPs)
             Began as a Demigod Ice Elementalist on Apr 11, 2021.
             Slain by a ghost moth (15 damage)
             ... on level 2 of the Spider Nest.
             The game lasted 01:09:27 (18061 turns).

EnegeticOcto the Gelid (Demigod Ice Elementalist)  Turns: 18061, Time: 01:09:27

Health: 0/116      AC: 10    Str:  4 (12) XL:     14   Next: 90%
Magic:  4/44       EV: 11    Int: 36 (37) God:
Gold:   2437       SH:  4    Dex: 10 (14) Spells: 15/37 levels left

rFire    + . .     SeeInvis .   F - staff of poison
rCold    x . .     Faith    .   S - +0 buckler
rNeg     + . .     Spirit   .   T - +0 troll leather armour
rPois    +         Reflect  .   B - +1 hat {Will+}
rElec    .         Harm     .   s - +1 cloak {Will+}
rCorr    .         Rampage  .   (no gloves)
Will     +++..                  g - +2 pair of boots
Stlth    +++.......             w - amulet of magic regeneration
HPRegen  1.29/turn              W - ring of the Jackalope {Fire rN+ Str+3 Int+4 Stlth+}
MPRegen  0.54/turn              d - ring of magical power

@: very slightly contaminated, invisible
A: high mp 1, forlorn
a: no special abilities


You were on level 2 of the Spider Nest.
You visited 5 branches of the dungeon, and saw 25 of its levels.
You also visited: Bailey, Ice Cave and Volcano.

You collected 4266 gold pieces.
You spent 1829 gold pieces at shops.

Inventory:

Hand Weapons
 y - a +2 flail of protection
   (You took it off Edmund on level 6 of the Dungeon)
 C - the +1 war axe "Alaa" {antimagic, rElec}
   (You found it on level 1 of the Lair of Beasts)

   It reduces the magical energy of the wielder, and disrupts the spells and
   magical abilities of those hit.
   Natural abilities and divine invocations are not affected.
   It insulates you from electricity.
Missiles
 K - 12 curare-tipped darts
Armour
 g - a +2 pair of boots (worn)
   (You found it on level 2 of the Dungeon)
 s - a +1 cloak of willpower (worn)
   (You bought it in a shop on level 2 of the Orcish Mines)
 B - a +1 hat of willpower (worn)
   (You took it off Gastronok on level 1 of the Lair of Beasts)
 D - a +0 cloak
   (You took it off Crazy Yiuf on level 6 of the Dungeon)
 N - +0 swamp dragon scales
   (You took it off Maggie on level 8 of the Dungeon)
 O - the +3 ring mail of Summer {Str+3}
   (You bought it in a shop on level 8 of the Dungeon)

   It affects your strength (+3).
 S - a +0 buckler (worn)
   (You found it on level 10 of the Dungeon)
 T - a +0 troll leather armour (worn)
   (You found it on level 11 of the Dungeon)
Magical Staves
 a - a staff of cold
   (You found it on level 10 of the Dungeon)
 F - a staff of poison (weapon)
   (You found it on level 7 of the Dungeon)
Jewellery
 d - a ring of magical power (right hand)
   (You bought it in a shop on level 2 of the Orcish Mines)
 f - a ring of wizardry
   (You found it on level 1 of the Dungeon)
 n - a +6 ring of dexterity
   (You found it on level 3 of the Dungeon)
 w - an amulet of magic regeneration (around neck)
   (You found it on level 5 of the Dungeon)
 A - an amulet of regeneration
   (You found it on level 5 of the Dungeon)
 L - a ring of willpower
   (You found it on level 8 of the Dungeon)
 P - a ring of protection from fire
   (You found it on level 2 of the Spider Nest)
 W - the ring of the Jackalope (left hand) {Fire rN+ Str+3 Int+4 Stlth+}
   (You acquired it on level 5 of the Lair of Beasts)

   [ring of fire]

   It enhances your fire magic.
   It affects your strength (+3).
   It affects your intelligence (+4).
   It protects you from fire.
   It makes you vulnerable to cold.
   It protects you from negative energy.
   It makes you more stealthy.
 Z - a ring of flight
   (You found it on level 1 of the Spider Nest)
Wands
 k - a wand of flame (32) {@v4}
   (You took it off a hobgoblin on level 4 of the Dungeon)
 M - a wand of digging (3) {@v3}
   (You found it on level 8 of the Dungeon)
 R - a wand of charming (9)
   (You found it on level 1 of the Lair of Beasts)
 Y - a wand of acid (7) {@v1}
   (You found it on level 4 of the Lair of Beasts)
Scrolls
 c - 6 scrolls of magic mapping {@r5 !r}
 h - 2 scrolls of holy word
 q - 4 scrolls of blinking {@r4}
 t - 3 scrolls of enchant weapon {unknown}
 u - a scroll of immolation
 G - a scroll of vulnerability
 H - a scroll of fear {!r}
 I - a scroll of amnesia
 Q - 3 scrolls of teleportation {@r3 !r}
 V - a scroll of fog {unknown}
 X - a scroll of summoning
Potions
 b - a potion of ambrosia
 e - a potion of cancellation
 l - 4 potions of brilliance
 m - 6 potions of magic
 o - 2 potions of flight
 p - 5 potions of curing {@q1 !q}
 r - a potion of haste {@q4 !q}
 v - 5 potions of berserk rage
 x - 8 potions of might {@q3 !q}
 z - a potion of heal wounds {@q2 !q}
 E - 5 potions of mutation {unknown}
 J - 3 potions of degeneration {unknown}
 U - 2 potions of attraction {unknown}
Miscellaneous
 j - a lightning rod (4/4)
   (You found it on level 2 of the Lair of Beasts)


   Skills:
 + Level 8.7 Fighting
 - Level 3.3 Armour
 - Level 4.0 Dodging
 - Level 2.3 Stealth
 - Level 4.0 Shields
 + Level 12.3 Spellcasting
 - Level 3.0 Conjurations
 - Level 5.0 Hexes
 - Level 4.0 Summonings
 + Level 15.2 Ice Magic
 - Level 4.0 Evocations


You had 15 spell levels left.
You knew the following spells:

 Your Spells              Type           Power      Damage    Failure   Level
a - Apportation           Tloc           44%        N/A       3%          1
b - Ozocubu's Refrigerat  Ice            46%        4d14      4%          7
c - Summon Ice Beast      Ice/Summ       75%        N/A       1%          4
d - Hailstorm             Conj/Ice       73%        3d15      1%          4
f - Frozen Ramparts       Ice            100%       1d12      1%          3
g - Freeze                Ice            100%       1d11      0%          1
Y - Blink                 Tloc           N/A        N/A       4%          2

Your spell library contained the following spells:

 Spells                   Type           Power      Damage    Failure   Level
 Corona                   Hex            61%        N/A       1%          1
 Magic Dart               Conj           100%       1d8       1%          1
 Summon Small Mammal      Summ           100%       N/A       1%          1
 Call Imp                 Summ           50%        N/A       1%          2
 Slow                     Hex            55%        N/A       1%          2
 Call Canine Familiar     Summ           50%        N/A       1%          3
 Confusing Touch          Hex            55%        N/A       1%          3
 Ozocubu's Armour         Ice            93%        N/A       1%          3
 Summon Guardian Golem    Hex/Summ       53%        N/A       1%          3
 Ice Form                 Ice/Tmut       67%        N/A       1%          4
 Metabolic Englaciation   Hex/Ice        38%        N/A       1%          5
 Animate Skeleton         Necr           44%        N/A       3%          1
 Beastly Appendage        Tmut           44%        N/A       3%          1
 Wereblood                Tmut           22%        N/A       4%          2
 Conjure Flame            Conj/Fire      49%        6-21      4%          3
 Mephitic Cloud           Conj/Pois/Air  44%        N/A       6%          3
 Gell's Gravitas          Tloc           11%        N/A       10%         3
 Spider Form              Tmut/Pois      16%        N/A       10%         3
 Summon Lightning Spire   Summ/Air       36%        N/A       14%         4
 Simulacrum               Ice/Necr       33%        N/A       21%         6
 Petrify                  Tmut/Erth      22%        N/A       30%         4
 Yara's Violent Unravell  Hex/Tmut       20%        3d9       30%         5
 Freezing Cloud           Conj/Ice/Air   30%        6-21      36%         6
 Hydra Form               Tmut           11%        N/A       65%         5


Dungeon Overview and Level Annotations

Branches:
Dungeon (13/15)            Temple (1/1) D:4            Lair (6/6) D:11
 Spider (3/4) Lair:4          Orc (2/2) D:11            Elf (0/3) Orc:2
 Bailey (visited)           IceCv (visited)         Volcano (visited)
  Swamp: Lair:2-4    Shoals: Lair:2-4     Slime: Lair:5-6    Vaults: D:13-14

Shops:
D:8 [   D:13 ([   Orc:1 (((   Orc:2 :=*!=

Annotations:
Spider:1 Donald


Innate Abilities, Weirdness & Mutations

Your attributes grow dramatically as you level up.
You have an increased reservoir of magic. (+10% MP)
You shall have no god before yourself.


Message History

Really quaff
z - 6 potions of heal wounds {@q2 !q}?
You feel much better.
You feel you are being watched by something.
You feel your power leaking away. Something hits you but does no damage.
Something hits you!
You feel weakened. Something stings you!
You are lethally poisoned!
Something poisons you!
Really quaff
z - 5 potions of heal wounds {@q2 !q}?
You feel much better.
You feel extremely sick. Something hits you but does no damage.
Something hits you! Something stings you.
Really quaff
p - 6 potions of curing {@q1 !q}?
You feel better.
You feel you are being watched by something.
You feel your power leaking away.
Something hits you but does no damage. x2; Something stings you!
You block something's attack. x2
Something stings you but does no damage.
You fade into invisibility!
Something hits you but does no damage. x2; You block something's attack.
You are very lightly contaminated with residual magic.
Aiming: Thunderbolt
Press: ? - help, Shift-Dir - straight line, f - you
Okay, then.
Aiming: Corrosive Bolt
Press: ? - help, Shift-Dir - straight line The bolt of acid hits something.
The acid corrodes something!
You block something's attack. Something hits you.
You feel clumsy.
Something stings you but does no damage.
Casting: Freeze (safe; 0% risk of failure)
Confirm with . or Enter, or press ? or * to list all spells.
You can't see any susceptible monsters within range! (Use Z to cast anyway.)
Casting: Freeze (safe; 0% risk of failure)
Confirm with . or Enter, or press ? or * to list all spells.
Aiming: Freeze (safe; 0% risk of failure)
Press: ? - help, Shift-Dir - straight line You freeze something.
Something hits you but does no damage. Something hits you.
* * * LOW HITPOINT WARNING * * *
You feel weakened.
Something stings you but does no damage.
Aiming: Corrosive Bolt
Press: ? - help, Shift-Dir - straight line The bolt of acid hits something!
Something seems to be corroded for longer.
You hear an angry hiss.
Something hits you!
* * * LOW HITPOINT WARNING * * *
You feel clumsy. Something hits you!
* * * LOW HITPOINT WARNING * * *
You feel clumsy. Something stings you.
* * * LOW HITPOINT WARNING * * *
Really quaff
z - 4 potions of heal wounds {@q2 !q}?
You feel much better. Something completely misses you.
Something hits you but does no damage.
Something stings you but does no damage.
Something hits you.
* * * LOW HITPOINT WARNING * * *
Something hits you!
* * * LOW HITPOINT WARNING * * *
You block something's attack.
Really quaff
z - 3 potions of heal wounds {@q2 !q}?
You feel much better. Something hits you!
* * * LOW HITPOINT WARNING * * *
Something hits you.
* * * LOW HITPOINT WARNING * * *
You feel weakened. Something stings you.
* * * LOW HITPOINT WARNING * * *
Really quaff
z - 2 potions of heal wounds {@q2 !q}?
You feel much better. Something hits you.
You feel weakened. Something hits you!
* * * LOW HITPOINT WARNING * * *
You feel weakened.
Something stings you but does no damage.
Aiming: Corrosive Bolt
Press: ? - help, Shift-Dir - straight line The bolt of acid hits something!
Something seems to be corroded for longer.
You hear an angry hiss.
Something hits you.
* * * LOW HITPOINT WARNING * * *
You feel weakened. Something barely misses you. Something stings you!
* * * LOW HITPOINT WARNING * * *
Really read
H - 2 scrolls of fear {!r}?
As you read the scroll of fear {!r}, it crumbles to dust.
You assume a fearsome visage.
Nothing appears to happen.
A wolf spider comes into view.
Something hits you.
* * * LOW HITPOINT WARNING * * *
Something hits you!
You die...

## ########### #
^≈.##≈≈..^.^......
...#^.............
.......#....##...^
#....#..#........#
..........#....#
....#..@..<#≈#..
.......{...≈≈#..#.
.........†.....#..
^.....#^...........
.#^....#.......#...
...........#†......
^...#..#..†........
#.s.......#^#.....
..#.#..#....#..#...


You could see a wolf spider (wandering).

Vanquished Creatures
  Gastronok (Lair:1)
  An entropy weaver (Spider:3)
  A boulder beetle (Lair:3)
  5 hydras
  3 two-headed ogres
  A hell knight (Volcano)
  2 orc high priests (Orc:2)
  Sonja (Lair:1)
  A fire crab (Lair:6)
  5 orc knights (Orc:2)
  A lindwurm (Lair:5)
  4 orb spiders
  An orc sorcerer (Orc:2)
  2 oklob plants (Lair:1)
  3 ugly things
  A cyclops (D:11)
  15 elephants
  5 black mambas
  2 molten gargoyles
  A torpor snail (Spider:1)
  A smoke demon (Volcano)
  A gargoyle (Volcano)
  11 cane toads
  Maggie (D:8)
  A kobold demonologist (D:11)
  4 komodo dragons
  2 trolls
  A red devil (Volcano)
  3 jumping spiders
  25 blink frogs
  Sigmund (D:6)
  A shadow (D:7)
  10 tarantellas
  3 wyverns
  30 redbacks
  A basilisk (Lair:5)
  A wraith (D:10)
  A fire bat (Volcano)
  Grum (D:11)
  27 yaks
  2 steam dragons
  Edmund (D:6)
  2 wargs
  An acid dragon (D:11)
  9 water moccasins
  3 hell hounds
  27 orc warriors
  A hornet zombie (D:6)
  A necrophage (D:6)
  An ice beast (Lair:1)
  3 sky beasts
  6 ogres
  3 black bears
  13 centaurs
  11 wolves
  A phantom (D:7)
  5 kobold brigands
  11 bullfrogs
  9 scorpions
  2 water moccasin skeletons
  7 killer bees
  5 wights (D:7)
  6 lava snakes
  4 howler monkeys
  2 hounds
  2 centaur zombies
  A jelly (D:6)
  A centaur skeleton (D:7)
  10 orc priests
  A bullfrog skeleton (D:7)
  Crazy Yiuf (D:6)
  Jessica (D:3)
  Natasha (D:2)
  An iguana (D:6)
  13 orc wizards
  5 hell rats (Lair:4)
  2 howler monkey zombies
  Robin (D:2)
  13 gnolls (Bailey)
  5 adders
  A shadow imp (D:8)
  3 white imps
  3 worms
  A dart slug (D:2)
  46 orcs
  18 bats
  5 endoplasms
  6 giant cockroaches
  14 goblins
  14 hobgoblins
  10 jackals
  62 kobolds
  2 quokkas (D:1)
  8 ball pythons
  2 frilled lizards
  2 rats
573 creatures vanquished.

Vanquished Creatures (collateral kills)
  A wolf spider (Spider:1)
  An ugly thing (Volcano)
  A rime drake (Lair:5)
  A komodo dragon (Lair:6)
  A demonic crawler (Spider:1)
  A polar bear (Lair:4)
  A blink frog (Lair:5)
  A yak (Lair:4)
  A redback (Spider:1)
  A tarantella (Spider:1)
  2 water moccasins
  15 orc warriors
  2 centaurs (Orc:2)
  A wolf (Lair:2)
  3 orc wizards (Orc:2)
  12 orcs
  A hobgoblin (Bailey)
  2 kobolds (Bailey)
48 creatures vanquished.

Vanquished Creatures (others)
  58 fungi
  93 plants
  2 withered plants (D:9)
153 creatures vanquished.

Grand Total: 774 creatures vanquished

Notes
Turn   | Place    | Note
-------+----------+-------------------------------------------
     0 | D:1      | EnegeticOcto the Demigod Ice Elementalist began the quest
                  | for the Orb.
     0 | D:1      | Reached XP level 1. HP: 14/14 MP: 5/5
     7 | D:1      | Noticed a komodo dragon
     8 | D:1      | Noticed a redback
     8 | D:1      | Noticed a six-headed hydra
    83 | D:1      | Reached skill level 2 in Stealth
   365 | D:1      | Reached XP level 2. HP: 15/20 MP: 5/7
   615 | D:1      | Reached skill level 4 in Ice Magic
  1306 | D:2      | Reached XP level 3. HP: 26/26 MP: 6/8
  1310 | D:2      | Learned a level 3 spell: Frozen Ramparts
  1534 | D:2      | Noticed Robin
  1540 | D:2      | Reached skill level 2 in Spellcasting
  1678 | D:2      | Killed Robin
  1772 | D:2      | Noticed Natasha
  1786 | D:2      | Killed Natasha
  1787 | D:2      | Reached XP level 4. HP: 28/33 MP: 4/10
  2977 | D:3      | Reached skill level 5 in Ice Magic
  3102 | D:3      | Learned a level 4 spell: Hailstorm
  3519 | D:3      | Noticed Jessica
  3525 | D:3      | Killed Jessica
  3526 | D:3      | Reached XP level 5. HP: 38/38 MP: 8/12
  3780 | D:3      | Reached skill level 1 in Conjurations
  3815 | D:3      | Reached skill level 3 in Spellcasting
  4788 | D:4      | Noticed a sky beast
  4797 | D:4      | Killed a sky beast
  4945 | D:4      | Found a staircase to the Ecumenical Temple.
  5180 | D:4      | Reached skill level 2 in Conjurations
  5180 | D:4      | Reached XP level 6. HP: 40/45 MP: 1/14
  5457 | Temple   | Entered the Ecumenical Temple
  5879 | D:5      | Entered Level 5 of the Dungeon
  5951 | D:5      | Reached skill level 1 in Fighting
  6035 | D:5      | Reached XP level 7. HP: 49/52 MP: 10/16
  6249 | D:5      | Reached skill level 4 in Spellcasting
  6249 | D:5      | Reached skill level 6 in Ice Magic
  6333 | D:5      | Reached skill level 2 in Fighting
  6333 | D:5      | Reached skill level 3 in Conjurations
  6559 | D:6      | Noticed Edmund
  6569 | D:6      | Killed Edmund
  6570 | D:6      | Reached skill level 3 in Fighting
  6727 | D:6      | Reached skill level 7 in Ice Magic
  6987 | D:6      | Reached XP level 8. HP: 63/63 MP: 8/17
  7409 | D:6      | Reached skill level 8 in Ice Magic
  7415 | D:6      | Learned a level 5 spell: Metabolic Englaciation
  7462 | D:6      | Found a runed translucent door.
  7463 | D:6      | Noticed Crazy Yiuf
  7536 | D:6      | Noticed Sigmund
  7553 | D:6      | Killed Sigmund
  7554 | D:6      | Reached skill level 1 in Hexes
  8166 | D:6      | Killed Crazy Yiuf
  8265 | D:7      | Reached skill level 2 in Hexes
  8418 | D:7      | Reached skill level 4 in Fighting
  8723 | D:7      | Reached XP level 9. HP: 64/71 MP: 0/20
  8743 | D:7      | Reached skill level 5 in Spellcasting
  8743 | D:7      | Reached skill level 3 in Hexes
  9626 | D:8      | Reached skill level 5 in Fighting
  9636 | D:8      | Reached skill level 9 in Ice Magic
  9764 | D:8      | Reached skill level 4 in Hexes
 10005 | D:8      | Noticed Maggie
 10013 | D:8      | Killed Maggie
 10532 | D:8      | Found Pavuycrerph's Antique Armour Shop.
 10557 | D:8      | Bought an ichor-stained ring mail for 297 gold pieces
 10557 | D:8      | Identified the +3 ring mail of Summer {Str+3} (You bought
                  | it in a shop on level 8 of the Dungeon)
 10998 | D:9      | Reached skill level 6 in Spellcasting
 11188 | D:9      | Reached skill level 5 in Hexes
 11195 | D:9      | Reached XP level 10. HP: 72/81 MP: 5/22
 11316 | D:9      | Reached skill level 10 in Ice Magic
 11522 | D:9      | Reached skill level 2 in Dodging
 11525 | D:9      | Reached skill level 1 in Armour
 11525 | D:9      | Reached skill level 1 in Evocations
 11861 | D:10     | Entered Level 10 of the Dungeon
 11861 | D:10     | Noticed a two-headed ogre
 11871 | D:10     | Killed a two-headed ogre
 11941 | D:10     | Noticed a two-headed ogre
 11943 | D:10     | Noticed a two-headed ogre
 12142 | D:10     | Reached skill level 2 in Armour
 12142 | D:10     | Reached skill level 2 in Evocations
 12211 | D:10     | Reached skill level 3 in Dodging
 12306 | D:10     | Reached skill level 3 in Evocations
 12307 | D:10     | Reached skill level 6 in Fighting
 12307 | D:10     | Reached skill level 3 in Armour
 12756 | D:10     | Killed a two-headed ogre
 12757 | D:10     | Reached skill level 4 in Dodging
 13095 | D:11     | Noticed a brown ugly thing
 13103 | D:11     | Noticed a two-headed ogre
 13108 | D:11     | Reached skill level 1 in Shields
 13134 | D:11     | Killed a two-headed ogre
 13135 | D:11     | Reached skill level 4 in Evocations
 13137 | D:11     | Killed a brown ugly thing
 13138 | D:11     | Reached skill level 2 in Shields
 13138 | D:11     | Reached XP level 11. HP: 91/91 MP: 5/24
 13201 | D:11     | Found a staircase to the Orcish Mines.
 13293 | D:11     | Reached skill level 7 in Fighting
 13323 | D:11     | Noticed Grum
 13329 | D:11     | Reached skill level 3 in Shields
 13330 | D:11     | Killed Grum
 13619 | D:11     | Reached skill level 4 in Shields
 13894 | D:11     | Found a staircase to the Lair.
 13989 | Lair:1   | Entered Level 1 of the Lair of Beasts
 14173 | Lair:1   | Found a frozen archway.
 14187 | Lair:1   | Identified the +1 war axe "Alaa" {antimagic, rElec}
 14253 | IceCv    | Entered an ice cave
 14279 | Lair:1   | Reached skill level 8 in Fighting
 14332 | Lair:1   | Noticed Gastronok
 14347 | Lair:1   | Killed Gastronok
 14348 | Lair:1   | Reached skill level 7 in Spellcasting
 14632 | Lair:1   | Noticed Sonja
 14635 | Lair:1   | Killed Sonja
 14958 | Lair:1   | Learned a level 4 spell: Summon Ice Beast
 14961 | Lair:1   | Learned a level 2 spell: Blink
 15065 | Lair:2   | Reached skill level 11 in Ice Magic
 15236 | Orc:1    | Entered Level 1 of the Orcish Mines
 15244 | Orc:1    | Found Avelif Wie's Weapon Emporium.
 15333 | Orc:2    | Entered Level 2 of the Orcish Mines
 15342 | Orc:2    | Found Jofat's Book Shoppe.
 15344 | Orc:2    | Found a staircase to the Elven Halls.
 15382 | Orc:2    | Reached skill level 1 in Summonings
 15409 | Orc:2    | Noticed an orc high priest
 15410 | Orc:2    | Noticed an orc knight
 15414 | Orc:2    | Noticed a soul eater
 15416 | Orc:2    | Killed an orc high priest
 15417 | Orc:2    | Reached skill level 8 in Spellcasting
 15417 | Orc:2    | Reached skill level 2 in Summonings
 15417 | Orc:2    | Reached XP level 12. HP: 82/101 MP: 22/28
 15420 | Orc:2    | Reached skill level 3 in Summonings
 15440 | Orc:2    | Reached skill level 4 in Summonings
 15579 | Orc:1    | Found a dark tunnel.
 15597 | Volcano  | Entered a volcano
 15797 | Volcano  | Reached skill level 9 in Spellcasting
 15889 | Orc:1    | Found Ruaddipomi's Antique Weapon Emporium.
 15938 | Orc:1    | Found Lojinwer's Antique Weapon Shoppe.
 16133 | Orc:2    | Reached skill level 12 in Ice Magic
 16309 | Orc:2    | Found Zypnaca's Assorted Antiques.
 16309 | Orc:2    | Found Dehitsya's Distillery.
 16311 | Orc:2    | Found Danane's Jewellery Shop.
 16313 | Orc:2    | Found Yptietauci's Jewellery Shoppe.
 16321 | Orc:2    | Bought a scroll of teleportation for 105 gold pieces
 16321 | Orc:2    | Bought a scroll labelled TINOUDI KOMUTE for 35 gold pieces
 16332 | Orc:2    | Bought a ring of magical power for 280 gold pieces
 16340 | Orc:2    | Bought a potion of heal wounds for 70 gold pieces
 16341 | Orc:2    | Bought a runed cloak for 262 gold pieces
 16402 | Orc:2    | Bought a book of Ice for 780 gold pieces
 16410 | Orc:2    | Learned a level 7 spell: Ozocubu's Refrigeration
 16443 | D:12     | Found a flagged portal.
 16452 | D:12     | Identified the +0 pair of gloves of Hyidem {Harm rF- rC-
                  | Will++}
 16461 | D:12     | Learned a level 1 spell: Apportation
 16469 | Bailey   | Entered a bailey
 16556 | Bailey   | Reached skill level 13 in Ice Magic
 16556 | Bailey   | Reached XP level 13. HP: 107/107 MP: 27/31
 16574 | D:13     | Found Feir's Antique Armour Shoppe.
 16574 | D:13     | Found Pauma's Weapon Shoppe.
 17028 | Lair:2   | Reached skill level 10 in Spellcasting
 17190 | Lair:5   | Identified 2 scrolls of acquirement
 17192 | Lair:5   | Acquired the ring of the Jackalope {Fire rN+ Str+3 Int+4
                  | Stlth+}
 17208 | Lair:5   | Reached XP level 14. HP: 107/115 MP: 8/33
 17223 | Lair:5   | Reached skill level 14 in Ice Magic
 17260 | Lair:6   | Entered Level 6 of the Lair of Beasts
 17401 | Lair:6   | Reached skill level 11 in Spellcasting
 17774 | Lair:4   | Reached skill level 15 in Ice Magic
 17790 | Lair:4   | Found a hole to the Spider Nest.
 17835 | Spider:1 | Entered Level 1 of the Spider Nest
 17844 | Spider:1 | Reached skill level 12 in Spellcasting
 17857 | Spider:1 | Noticed Donald
 17976 | Spider:1 | Acquired 1129 gold pieces
 18005 | Spider:2 | Acquired 1118 gold pieces
 18061 | Spider:2 | Slain by a ghost moth

Illustrated notes

Levels and vault maps discovered:
D:1:      onia_arrival_zoo_common, layout_loops_ring,
          minmay_misc_feat_secret_circle, minmay_pentomino_u2
D:2:      layout_basic, hellmonk_ecumenical_altar_arch_garden, uniq_natasha,
          uniq_robin
D:3:      layout_basic, uniq_jessica
D:4:      kennysheep_kobold_camp, layout_loops_corners, vehumet_altar_wand_db,
          minmay_temple_entry_mini_moons
D:5:      layout_cave_pools, lemuel_coloured_pillars_altar,
          kennysheep_little_box
D:6:      layout_layer_cave, uniq_crazy_yiuf_cottage, uniq_sigmund, uniq_edmund
D:7:      layout_loops_ring, nicolae_wu_jian_wuxing_cycle, kennysheep_mini_moat,
          kennysheep_flooded_box
D:8:      layout_loops_cross, old_standard_altar, zin_treasury, serial_shops,
          shop, kennysheep_generic_room_7, uniq_maggie
D:9:      layout_loops_ring, nicolae_qazlal_general_emergency,
          yredelemnul_altar_generic, roderic_batcave
D:10:     mumra_celtic_spiral_tile, layout_cave_pools,
          nemelex_diamond_rough_becter, lemuel_doored_altar,
          hangedman_feature_mirror
D:11:     layout_loops_cross, grunt_lair_entry_orc_guard_hut, david_orc_3,
          minmay_crystal_room, uniq_grum
D:12:     layout_loops_ring, serial_glass, glass_columns_b, glass_columns_a,
          glass_columns_a, glass_columns_a, glass_columns_a, glass_columns_b,
          glass_columns_c, glass_columns_a, glass_columns_b, glass_columns_b,
          feat_on_display, item_on_display_b, enter_bailey_2,
          minmay_misc_feat_chi, tgw_trog
D:13:     layout_roguey, serial_shops, shop, shop, shop, shop,
          einodemon_crawler_minivault
Temple:   minmay_temple_curvy_loop
Lair:1:   layout_gridlike, portal_ice_cave_entry_pillars_2, grunt_megastairs_4,
          infiniplex_staircase_pool, serial_bayou_shore_a, lemuel_fruit_tree,
          minmay_lair_oklob_chamber, uniq_sonja, uniq_gastronok
Lair:2:   layout_regular_city, minmay_swamp_entry_worms
Lair:3:   layout_misc_corridors, minivault_27, beast_lair_carwin_11
Lair:4:   layout_regular_city, nicolae_spider_entry_non_spiders, minivault_19
Lair:5:   layout_loops_ring, minmay_hedge_maze, grunt_megastairs_1
Lair:6:   cheibrodos_lair_end_hotspot, layout_gridlike,
          nicolae_slime_entry_slimehenge, uniq_snorg
Spider:1: layout_spider_delve, uniq_donald
Spider:2: layout_spider_delve, nicolae_spider_swamp_cousins
Spider:3: layout_spider_delve
Orc:1:    layout_caves, nicolae_volcano_entry_lava_flow, serial_shops, shop,
          nicolae_shop_overgrown_old_shop, shop
Orc:2:    st_orc_rangers, layout_diamond_mine, serial_shops, shop,
          bh_open_orc_temple

Skill      XL: |  1  2  3  4  5  6  7  8  9 10 11 12 13 14 |
---------------+-------------------------------------------+-----
Stealth        | 2 |  2.3
Ice Magic      | 4 5 7 8 9 10 11 13 15 | 15.2
Spellcasting   | 2 3 4 6 8 9 10 12 | 12.3
Conjurations   | 2 3 |  3.0
Fighting       | 1 3 4 5 6 8 |  8.7
Hexes          | 2 5 |  5.0
Dodging        | 4 |  4.0
Armour         | 3 |  3.3
Evocations     | 4 |  4.0
Shields        | 2 4 |  4.0
Summonings     | 2 4 |  4.0

Action                   |  1- 3 |  4- 6 |  7- 9 | 10-12 | 13-15 || total
-------------------------+-------+-------+-------+-------+-------++-------
Melee: Dagger            |     7 |       |       |       |       ||     7
       Trident           |     3 |    15 |       |       |       ||    18
       Whip              |       |    17 |    12 |       |       ||    29
       Flail             |       |       |    94 |       |       ||    94
       Great sword       |       |       |    29 |    13 |       ||    42
       Staff             |       |       |       |    55 |    33 ||    88
Throw: Dart              |       |       |       |    13 |       ||    13
 Cast: Freeze            |    48 |    21 |     7 |    27 |     8 ||   111
       Frozen Ramparts   |     6 |    19 |    23 |    20 |     2 ||    70
       Hailstorm         |       |     4 |    91 |   154 |    31 ||   280
       Metabolic Englaci |       |       |     1 |    15 |       ||    16
       Summon Ice Beast  |       |       |       |    28 |     9 ||    37
       Ozocubu's Refrige |       |       |       |       |    67 ||    67
       Apportation       |       |       |       |       |    12 ||    12
Evoke: Wand              |       |     9 |       |     7 |     5 ||    21
       Lightning rod     |       |       |       |     3 |     2 ||     5
  Use: Scroll            |       |     2 |    13 |     6 |    10 ||    31
       Potion            |       |       |       |     1 |    10 ||    11
 Stab: Sleeping          |     3 |     1 |       |       |       ||     4
Armor: Robe              |    11 |    22 |    59 |       |       ||    92
       Ring mail         |       |       |    29 |    37 |       ||    66
       Troll leather arm |       |       |       |    36 |    72 ||   108
Dodge: Dodged            |    33 |    36 |   117 |   156 |    74 ||   416
Block: Buckler           |       |       |       |    59 |    36 ||    95
       Rpst.: Great sword |       |       |     5 |     5 |       ||    10

Table legend: (Time is in decaauts)
 A = Elapsed time spent in this place.
 B = Non-inter-level travel time spent in this place.
 C = Inter-level travel time spent in this place.
 D = Time resting spent in this place.
 E = Time spent auto-exploring this place.
 F = Levels seen in this place.
 G = Mean time per level.
                   A        B        C        D        E       F      G
               +--------+--------+--------+--------+--------+-----+--------+
         Total |  18221 |  17254 |    967 |    689 |  11518 |  28 |  650.8 |
       Dungeon |  14100 |  13350 |    750 |    672 |  10736 |  13 | 1084.6 |
        Temple |    106 |    106 |      0 |      0 |      0 |   1 |  106.0 |
          Lair |   2463 |   2262 |    201 |     17 |    782 |   6 |  410.5 |
   Spider Nest |    237 |    237 |      0 |      0 |      0 |   3 |   79.0 |
  Orcish Mines |    979 |    964 |     15 |      0 |      0 |   2 |  489.5 |
        Bailey |     91 |     91 |      0 |      0 |      0 |   1 |   91.0 |
      Ice Cave |      9 |      9 |      0 |      0 |      0 |   1 |    9.0 |
       Volcano |    234 |    234 |      0 |      0 |      0 |   1 |  234.0 |
               +--------+--------+--------+--------+--------+-----+--------+

Top non-repeatable levels by time:
     D:3: 1741 daAuts
     D:6: 1670 daAuts
     D:2: 1452 daAuts
     D:4: 1438 daAuts
     D:8: 1321 daAuts
     D:7: 1302 daAuts
    D:10: 1197 daAuts
  Lair:1: 1184 daAuts
     D:1: 1144 daAuts
     D:9: 1110 daAuts
    D:11: 963 daAuts
     D:5: 681 daAuts
   Orc:2: 610 daAuts
   Orc:1: 369 daAuts
  Lair:2: 365 daAuts
